ITL
AMARILLO ARCHDUKES @ TRENTON STARS
05/14/2028
 
TOP OF THE 1ST
Amarillo Archdukes batting - Pitching for Trenton Stars : RHP Tomás Pagán
Pitching: RHP Tomás Pagán
Batting: LHB John Frost 0-0: Called Strike
0-1: Foul Ball, location: 2F
0-2: Ball
1-2: Ball
2-2: Foul Ball, location: 2F
2-2: SINGLE (Groundball, 5D)
Batting: RHB Norm Francis 0-0: Called Strike
0-1: Ball
1-1: Foul Ball, location: 2F
1-2: Strikes out looking
Batting: LHB Michael Cook 0-0: Ball
1-0: 2-RUN HOME RUN (Flyball, 9D), Distance : 422 ft
Batting: LHB Ron Crawford 0-0: Foul Ball, location: 2F
0-1: Called Strike
0-2: Foul Ball, location: 2F
0-2: Ball
1-2: Ball
2-2: Foul Ball, location: 2F
2-2: Strikes out swinging
Batting: LHB Howard Lambert 0-0: Ball
1-0: Foul Ball, location: 2F
1-1: Foul Ball, location: 2F
1-2: Strikes out looking
Top of the 1st over - 2 run(s), 2 hit(s), 0 error(s), 0 left on base; Amarillo 2 - Trenton 0
BOTTOM OF THE 1ST
Trenton Stars batting - Pitching for Amarillo Archdukes : RHP Ron Martin
Pitching: RHP Ron Martin
Batting: SHB Nick Marshall 0-0: Called Strike
0-1: Ball
1-1: DOUBLE (Line Drive, 8LD)
Batting: RHB Chris Cole 0-0: Called Strike
Nick Marshall steals 3rd base
0-1: Ball
1-1: Fly out, F8 (Line Drive, 8LM)
Runner from 3rd tags up, SCORES, no throw
Batting: LHB Alonzo Medine 0-0: Foul Ball, location: 2F
0-1: Ball
1-1: Ball
2-1: Ball
3-1: Ground out 4-3 (Groundball, 4)
Batting: RHB Roberto Chávez 0-0: Ground out U3 (Groundball, 3)
Bottom of the 1st over - 1 run(s), 1 hit(s), 0 error(s), 0 left on base; Amarillo 2 - Trenton 1
TOP OF THE 2ND
Amarillo Archdukes batting - Pitching for Trenton Stars : RHP Tomás Pagán
Batting: RHB José Ruíz 0-0: Ball
1-0: Ball
2-0: SINGLE (Line Drive, 4D)
Batting: RHB Michael Thomas 0-0: Called Strike
José Ruíz steals 2nd base
0-1: SINGLE (Flyball, 78M)
José Ruíz to third
Batting: RHB Herb Bunch 0-0: Called Strike
0-1: Ball
1-1: Swinging Strike
1-2: Foul Ball, location: 2F
1-2: Strikes out looking
Batting: RHB Juan Barrera 0-0: Called Strike
0-1: Ball
1-1: Swinging Strike
1-2: Strikes out swinging
Batting: LHB John Frost 0-0: Ball
Wild Pitch!
José Ruíz scores
Michael Thomas to second
1-0: Foul Ball, location: 2F
1-1: Ball
2-1: 2-RUN HOME RUN (Flyball, 89XD), Distance : 415 ft
Batting: RHB Norm Francis 0-0: Ball
1-0: Ball
2-0: Ball
3-0: Called Strike
3-1: Base on Balls
Batting: LHB Michael Cook 0-0: 2-RUN HOME RUN (Flyball, 89D), Distance : 395 ft
Pitching: RHP José Gómez
Batting: LHB Ron Crawford 0-0: Ground out U3 (Groundball, 3L)
Top of the 2nd over - 5 run(s), 4 hit(s), 0 error(s), 0 left on base; Amarillo 7 - Trenton 1
BOTTOM OF THE 2ND
Trenton Stars batting - Pitching for Amarillo Archdukes : RHP Ron Martin
Batting: LHB Ricardo Brandariz 0-0: Called Strike
0-1: Swinging Strike
0-2: Ball
1-2: Ball
2-2: Foul Ball, location: 2F
2-2: Strikes out looking
Batting: RHB Rafael Canales 0-0: Ball
1-0: Foul Ball, location: 2F
1-1: Ball
2-1: Foul Ball, location: 2F
2-2: Strikes out looking
Batting: LHB Ju-wei Shiu 0-0: Ball
1-0: Called Strike
1-1: Swinging Strike
1-2: Strikes out swinging
Bottom of the 2nd over - 0 run(s), 0 hit(s), 0 error(s), 0 left on base; Amarillo 7 - Trenton 1
TOP OF THE 3RD
Amarillo Archdukes batting - Pitching for Trenton Stars : RHP José Gómez
Batting: LHB Howard Lambert 0-0: Called Strike
0-1: Foul Ball, location: 2F
0-2: Ball
1-2: Ball
2-2: Foul Ball, location: 2F
2-2: Strikes out swinging
Batting: RHB José Ruíz 0-0: Ball
1-0: Fly out, F6 (Popup, 6)
Batting: RHB Michael Thomas 0-0: Called Strike
0-1: Swinging Strike
0-2: Strikes out looking
Top of the 3rd over - 0 run(s), 0 hit(s), 0 error(s), 0 left on base; Amarillo 7 - Trenton 1
BOTTOM OF THE 3RD
Trenton Stars batting - Pitching for Amarillo Archdukes : RHP Ron Martin
Batting: RHB Jesús Dávila 0-0: Foul Ball, location: 2F
0-1: Ball
1-1: Fly out, F8 (Flyball, 8LXD)
Batting: RHB Kenji Murayama 0-0: Called Strike
0-1: Ground out 6-3 (Groundball, 6)
Batting: SHB Nick Marshall 0-0: Ball
1-0: Foul Ball, location: 2F
1-1: Foul Ball, location: 2F
1-2: Foul Ball, location: 2F
1-2: SINGLE (Line Drive, 4M)
Batting: RHB Chris Cole 0-0: Ball
Nick Marshall steals 2nd base
1-0: Ground out 6-3 (Groundball, 56)
Bottom of the 3rd over - 0 run(s), 1 hit(s), 0 error(s), 1 left on base; Amarillo 7 - Trenton 1
TOP OF THE 4TH
Amarillo Archdukes batting - Pitching for Trenton Stars : RHP José Gómez
Batting: RHB Herb Bunch 0-0: Ball
1-0: Ball
2-0: Called Strike
2-1: SOLO HOME RUN (Flyball, 7D), Distance : 370 ft
Batting: RHB Juan Barrera 0-0: SINGLE (Flyball, 8LS)
Batting: LHB John Frost 0-0: Ball
1-0: Called Strike
1-1: Ball
2-1: Ball
3-1: Fielders Choice at 2nd, 4-6 (Groundball, 4)
Batting: RHB Norm Francis 0-0: Called Strike
0-1: Foul Ball, location: 2F
0-2: Foul Ball, location: 2F
0-2: Ball
1-2: Ball
2-2: Foul Ball, location: 2F
2-2: Foul Ball, location: 2F
2-2: Fly out, F8 (Flyball, 8RXD)
Batting: LHB Michael Cook 0-0: Called Strike
0-1: Ball
1-1: Ball
2-1: Ball
3-1: Base on Balls
John Frost to second
Batting: LHB Ron Crawford 0-0: Called Strike
0-1: Ball
1-1: Swinging Strike
1-2: Ball
2-2: Ball
3-2: Strikes out swinging
Top of the 4th over - 1 run(s), 2 hit(s), 0 error(s), 2 left on base; Amarillo 8 - Trenton 1
BOTTOM OF THE 4TH
Trenton Stars batting - Pitching for Amarillo Archdukes : RHP Ron Martin
Batting: LHB Alonzo Medine 0-0: Ball
1-0: Called Strike
1-1: SINGLE (Line Drive, 89S)
Batting: RHB Roberto Chávez 0-0: Ball
1-0: Swinging Strike
1-1: Swinging Strike
1-2: Strikes out swinging
Batting: LHB Ricardo Brandariz 0-0: Ball
1-0: Grounds into double play, 4-6-3 (Groundball, 4M)
Bottom of the 4th over - 0 run(s), 1 hit(s), 0 error(s), 0 left on base; Amarillo 8 - Trenton 1
TOP OF THE 5TH
Amarillo Archdukes batting - Pitching for Trenton Stars : RHP José Gómez
Batting: LHB Howard Lambert 0-0: Ball
1-0: Ball
2-0: Fly out, F9 (Flyball, 89M)
Pitching: LHP José Alaniz
Batting: RHB José Ruíz 0-0: Ball
1-0: Swinging Strike
1-1: Swinging Strike
1-2: Strikes out swinging
Batting: RHB Michael Thomas 0-0: Called Strike
0-1: Hit by Pitch
Batting: RHB Herb Bunch 0-0: Ball
1-0: Called Strike
1-1: Ball
2-1: Foul Ball, location: 2F
2-2: Foul Ball, location: 2F
2-2: Foul Ball, location: 2F
2-2: Foul Ball, location: 2F
2-2: Ball
Wild Pitch!
Michael Thomas to second
3-2: Base on Balls
Batting: RHB Juan Barrera 0-0: Foul Ball, location: 2F
0-1: Ball
1-1: Ball
2-1: Foul Ball, location: 2F
2-2: Foul Ball, location: 2F
2-2: Ground out 5-3 (Groundball, 56S)
Top of the 5th over - 0 run(s), 0 hit(s), 0 error(s), 2 left on base; Amarillo 8 - Trenton 1
BOTTOM OF THE 5TH
Trenton Stars batting - Pitching for Amarillo Archdukes : RHP Ron Martin
Batting: RHB Rafael Canales 0-0: Ball
1-0: Fly out, F8 (Flyball, 8RXD)
Batting: LHB Ju-wei Shiu 0-0: Ball
1-0: Swinging Strike
1-1: Ball
2-1: Foul Ball, location: 2F
2-2: Fly out, F8 (Line Drive, 8LM)
Batting: RHB Jesús Dávila 0-0: Ball
1-0: Called Strike
1-1: Called Strike
1-2: Foul Ball, location: 2F
1-2: Ball
2-2: Foul Ball, location: 2F
2-2: Ground out 6-3 (Groundball, 6)
Bottom of the 5th over - 0 run(s), 0 hit(s), 0 error(s), 0 left on base; Amarillo 8 - Trenton 1
TOP OF THE 6TH
Amarillo Archdukes batting - Pitching for Trenton Stars : LHP José Alaniz
Batting: LHB John Frost 0-0: Called Strike
0-1: SINGLE (Groundball, 34) (infield hit)
Batting: RHB Norm Francis 0-0: Swinging Strike
0-1: Ball
1-1: Ball
2-1: Fly out, F9 (Flyball, 9S)
Batting: LHB Michael Cook 0-0: Ball
1-0: Ball
2-0: Ball
3-0: Base on Balls
John Frost to second
Batting: LHB Ron Crawford 0-0: Called Strike
0-1: Ball
1-1: Foul Ball, location: 2F
1-2: Ball
2-2: Ball
3-2: Base on Balls
John Frost to third
Michael Cook to second
Batting: LHB Howard Lambert 0-0: Foul Ball, location: 2F
0-1: DOUBLE (Line Drive, 9LM)
John Frost scores
Michael Cook scores
Ron Crawford to third
Batting: RHB José Ruíz 0-0: Foul Ball, location: 2F
0-1: Ball
1-1: Foul Ball, location: 2F
1-2: SINGLE (Groundball, 3D)
Ron Crawford scores
Howard Lambert to third
Runner from 3rd tries for Home, SAFE, throw made home
José Ruíz to second
Pitching: RHP Gilberto Martínez
Batting: RHB Michael Thomas 0-0: Called Strike
0-1: Ball
1-1: Ground out 6-3 (Groundball, 6)
José Ruíz to third
Batting: RHB Herb Bunch 0-0: Ball
1-0: Ball
2-0: Foul Ball, location: 2F
2-1: Ball
3-1: SINGLE (Line Drive, 89S)
José Ruíz scores
Batting: RHB Juan Barrera 0-0: Called Strike
0-1: Foul Ball, location: 2F
0-2: Ball
1-2: Ball
2-2: Ball
3-2: Base on Balls
Herb Bunch to second
Batting: LHB John Frost 0-0: Called Strike
0-1: Ball
1-1: Foul Ball, location: 2F
1-2: Foul Ball, location: 2F
1-2: Ball
2-2: Ball
3-2: Base on Balls
Herb Bunch to third
Juan Barrera to second
Batting: RHB Norm Francis 0-0: Swinging Strike
0-1: Ground out 5-3 (Groundball, 5S)
Top of the 6th over - 5 run(s), 4 hit(s), 0 error(s), 3 left on base; Amarillo 13 - Trenton 1
BOTTOM OF THE 6TH
Trenton Stars batting - Pitching for Amarillo Archdukes : RHP Ron Martin
Batting: RHB Kenji Murayama 0-0: Ground out 6-3 (Groundball, 6)
Batting: SHB Nick Marshall 0-0: Ball
1-0: Called Strike
1-1: Called Strike
1-2: Foul Ball, location: 2F
1-2: Strikes out swinging
Batting: RHB Chris Cole 0-0: Ball
1-0: Ball
2-0: Ball
3-0: Swinging Strike
3-1: Foul Ball, location: 2F
3-2: Strikes out swinging
Bottom of the 6th over - 0 run(s), 0 hit(s), 0 error(s), 0 left on base; Amarillo 13 - Trenton 1
TOP OF THE 7TH
Amarillo Archdukes batting - Pitching for Trenton Stars : RHP Gilberto Martínez
Batting: LHB Michael Cook 0-0: Ball
1-0: Called Strike
1-1: Ball
2-1: Ball
3-1: Base on Balls
Batting: LHB Ron Crawford 0-0: Ball
1-0: Grounds into double play, 4-6-3 (Groundball, 4)
Batting: LHB Howard Lambert 0-0: Ball
1-0: Called Strike
1-1: Called Strike
1-2: Ground out 4-3 (Groundball, 34)
Top of the 7th over - 0 run(s), 0 hit(s), 0 error(s), 0 left on base; Amarillo 13 - Trenton 1
BOTTOM OF THE 7TH
Trenton Stars batting - Pitching for Amarillo Archdukes : RHP Ron Martin
Batting: LHB Alonzo Medine 0-0: Swinging Strike
0-1: Ground out 4-3 (Groundball, 4)
Batting: RHB Roberto Chávez 0-0: Called Strike
0-1: Foul Ball, location: 2F
0-2: Ground out 5-3 (Groundball, 5S)
Batting: LHB Ricardo Brandariz 0-0: Ball
1-0: Ball
2-0: Foul Ball, location: 2F
2-1: Foul Ball, location: 2F
2-2: Ball
3-2: Strikes out looking
Bottom of the 7th over - 0 run(s), 0 hit(s), 0 error(s), 0 left on base; Amarillo 13 - Trenton 1
TOP OF THE 8TH
Amarillo Archdukes batting - Pitching for Trenton Stars : RHP Gilberto Martínez
Batting: RHB José Ruíz 0-0: Ball
1-0: SOLO HOME RUN (Flyball, 9LD), Distance : 328 ft
Batting: RHB Michael Thomas 0-0: Called Strike
0-1: Foul Ball, location: 2F
0-2: Strikes out swinging
Batting: RHB Herb Bunch 0-0: Called Strike
0-1: Swinging Strike
0-2: Ball
1-2: Ball
2-2: DOUBLE (Line Drive, 7LM)
Pitching: RHP Jonathan Booker
Batting: RHB Juan Barrera 0-0: Ball
1-0: Fly out, F7 (Flyball, 7S)
Batting: LHB John Frost 0-0: Foul Ball, location: 2F
0-1: Ball
1-1: Called Strike
1-2: Ball
2-2: Foul Ball, location: 2F
2-2: Fly out, F7 (Flyball, 7LM)
Top of the 8th over - 1 run(s), 2 hit(s), 0 error(s), 1 left on base; Amarillo 14 - Trenton 1
BOTTOM OF THE 8TH
Trenton Stars batting - Pitching for Amarillo Archdukes : RHP Ron Martin
Batting: RHB Rafael Canales 0-0: Called Strike
0-1: Ball
1-1: Ball
2-1: Ball
3-1: Called Strike
3-2: SINGLE (Groundball, 56D)
Batting: LHB Ju-wei Shiu 0-0: Ball
1-0: Ball
2-0: Ball
3-0: Called Strike
3-1: Base on Balls
Rafael Canales to second
Pitching: RHP Frederick Kern
Batting: RHB Jesús Dávila 0-0: Foul Ball, location: 2F
0-1: Ball
1-1: Ball
2-1: Foul Ball, location: 2F
2-2: Strikes out swinging
Batting: RHB Kenji Murayama 0-0: Ball
1-0: Ball
2-0: Ball
3-0: Base on Balls
Rafael Canales to third
Ju-wei Shiu to second
Batting: SHB Nick Marshall 0-0: Grounds into fielders choice 2-2 (Groundball, 13S)
Ju-wei Shiu to third
Kenji Murayama to second
Batting: RHB Chris Cole 0-0: Called Strike
0-1: Fly out, F8 (Flyball, 8RM)
Bottom of the 8th over - 0 run(s), 1 hit(s), 0 error(s), 3 left on base; Amarillo 14 - Trenton 1
TOP OF THE 9TH
Amarillo Archdukes batting - Pitching for Trenton Stars : RHP Jonathan Booker
Batting: RHB Norm Francis 0-0: Ground out 6-3 (Groundball, 6)
Batting: LHB Michael Cook 0-0: Ball
1-0: Called Strike
1-1: Ball
2-1: Ball
3-1: Base on Balls
Batting: LHB Ron Crawford 0-0: Ball
1-0: Ball
2-0: Ball
3-0: Base on Balls
Michael Cook to second
Batting: LHB Howard Lambert 0-0: Ball
1-0: Ball
2-0: Called Strike
2-1: Called Strike
2-2: Ball
3-2: Base on Balls
Michael Cook to third
Ron Crawford to second
Batting: RHB José Ruíz 0-0: Ball
1-0: Ball
2-0: Foul Ball, location: 2F
2-1: TRIPLE (Line Drive, 89M)
Michael Cook scores
Ron Crawford scores
Howard Lambert scores
Pitching: RHP Denver Gallegos
Batting: RHB Michael Thomas 0-0: Ball
1-0: Ground out 5-3 (Groundball, 56)
José Ruíz scores
Batting: RHB Herb Bunch 0-0: Foul Ball, location: 2F
0-1: Ground out 4-3 (Groundball, 4)
Top of the 9th over - 4 run(s), 1 hit(s), 0 error(s), 0 left on base; Amarillo 18 - Trenton 1
BOTTOM OF THE 9TH
Trenton Stars batting - Pitching for Amarillo Archdukes : RHP Frederick Kern
Batting: LHB Alonzo Medine 0-0: Ball
1-0: Ball
2-0: Ball
3-0: Base on Balls
Batting: RHB Roberto Chávez 0-0: Ball
1-0: Ball
2-0: Fly out, F9 (Line Drive, 9LD)
Batting: LHB Ricardo Brandariz 0-0: Grounds into double play, 4-6-3 (Groundball, 4)
Bottom of the 9th over - 0 run(s), 0 hit(s), 0 error(s), 0 left on base; Amarillo 18 - Trenton 1
Tuesday, August 8th, 2017 - OOTP Baseball 17.12 Build 75